San Jose Sharks vs Montreal Canadiens
Created - Monday, February 26, 2024 at 07:11
Goals
|
| San Jose Sharks |
1 |
0 |
0 |
1 |
| Montreal Canadiens |
0 |
1 |
1 |
2 |
|
Shots
|
| San Jose Sharks |
5 |
12 |
8 |
25 |
| Montreal Canadiens |
10 |
8 |
13 |
31 |
|
1st period
1. San Jose Sharks , Andreas Athanasiou 3 (Zachary Werenski 9) at 9:20
Penalties :
Adam Henrique (SJS) for Holding (Minor) at 1:36
2nd period
2. Montreal Canadiens , Dylan Larkin 5 (Martin Necas 10, Damon Severson 3) at 12:57 (PP)
Penalties :
Dylan Larkin (MTL) for Interference (Minor) at 1:25, Ryan Hartman (SJS) for Interference (Minor) at 4:52, Filip Hronek (MTL) for Hooking (Minor) at 7:31, John Hayden (SJS) for High sticking (Double Minor) at 12:00, Ryan Hartman (SJS) for Interference (Minor) at 17:04, Ivan Barbashev (SJS) for Hooking (Minor) at 17:27
3rd period
3. Montreal Canadiens , Jake Evans 1 (Adam Fox 6) at 3:55
Penalties :
Derek Forbort (SJS) for Holding (Minor) at 1:23, Brady Skjei (MTL) for Interference (Minor) at 10:16
Goalie Stats
Ilya Samsonov (SJS), 29 saves from 31 shots - (0.935), L, 9-6-2, 58:30 minutes
Daniel Vladar (MTL), 24 saves from 25 shots - (0.960), W, 1-2-0, 60:00 minutes
Players Stats for San Jose Sharks
Player Name G A P +/- PIM S H SB GA TA FO MP PP MP PK MP
------------------------------------------------------------------------------------
Adam Henrique 0 0 0 0 2 0 2 0 1 1 6/18 18:59 2:56 4:12
Andreas Athanasiou 1 0 1 0 0 4 0 1 0 0 0/0 8:09 0:00 0:00
Anthony Deangelo 0 0 0 0 0 3 1 1 0 1 0/0 10:40 0:00 0:12
Christian Dvorak 0 0 0 0 0 1 2 1 1 0 0/1 15:19 3:01 1:03
Christopher Tanev 0 0 0 -1 0 0 0 1 0 0 0/0 23:11 3:07 5:26
Connor Brown 0 0 0 0 0 2 2 0 0 0 0/0 8:09 0:00 0:00
Connor Murphy 0 0 0 0 0 1 0 2 0 2 0/0 22:20 3:07 5:08
Derek Forbort 0 0 0 1 2 2 1 4 0 1 0/0 25:38 2:50 4:47
Dylan Strome 0 0 0 0 0 4 1 2 0 0 2/6 18:29 2:56 4:14
Ilya Mikheyev 0 0 0 0 0 0 0 0 1 1 0/1 13:19 0:00 1:27
Ivan Barbashev 0 0 0 0 2 2 0 1 0 2 6/24 19:10 3:01 4:32
Jack Roslovic 0 0 0 0 0 1 1 0 0 0 4/7 11:30 0:00 0:00
John Hayden 0 0 0 0 4 0 0 0 0 0 1/5 8:31 0:00 0:21
Ryan Hartman 0 0 0 0 4 2 1 1 1 0 0/0 13:59 3:01 0:05
Simon Nemec 0 0 0 -1 0 0 2 1 0 0 0/0 12:09 0:00 1:08
Valeri Nichushkin 0 0 0 0 0 1 2 0 1 0 1/4 19:24 2:56 4:43
Victor Olofsson 0 0 0 0 0 0 0 1 1 0 0/0 11:46 0:00 0:16
Zachary Werenski 0 1 1 1 0 2 1 1 1 1 0/0 26:21 2:50 5:49
Players Stats for Montreal Canadiens
Player Name G A P +/- PIM S H SB GA TA FO MP PP MP PK MP
------------------------------------------------------------------------------------
Adam Fox 0 1 1 0 0 4 0 2 0 0 0/0 24:02 5:43 2:50
Brady Skjei 0 0 0 0 2 3 3 2 0 1 0/0 23:08 5:39 1:24
Christian Fischer 0 0 0 0 0 1 1 0 0 0 3/8 11:57 0:00 0:00
Damon Severson 0 1 1 0 0 3 1 3 1 0 0/0 24:37 5:28 3:45
Dylan Larkin 1 0 1 0 2 5 1 1 1 2 16/22 19:23 5:18 1:53
Evgeni Dadonov 0 0 0 0 0 2 1 0 2 1 1/1 13:49 0:47 1:02
Filip Forsberg 0 0 0 0 0 2 0 1 0 0 1/1 16:25 5:25 0:00
Filip Hronek 0 0 0 0 2 0 0 0 0 0 0/0 12:03 0:12 0:00
Jake Evans 1 0 1 1 0 2 0 0 0 0 4/5 7:39 0:00 0:00
Jamie Benn 0 0 0 -1 0 4 2 0 0 1 5/5 18:52 5:04 3:01
Jonathan Marchessault 0 0 0 0 0 1 1 0 1 0 1/2 13:02 0:50 0:04
Marco Scandella 0 0 0 0 0 0 0 0 0 0 0/0 12:09 0:00 0:48
Martin Necas 0 1 1 0 0 1 0 0 1 0 0/0 17:20 5:06 0:01
Patrik Laine 0 0 0 -1 0 1 2 0 0 0 1/1 19:46 4:35 3:02
Sidney Crosby 0 0 0 -1 0 1 2 0 2 0 14/21 18:56 5:09 2:51
Tomas Nosek 0 0 0 1 0 0 0 0 0 1 0/0 9:11 1:31 0:00
Tyler Myers 0 0 0 0 0 0 0 0 0 1 0/0 24:02 5:28 3:07
Vladislav Namestnikov 0 0 0 1 0 1 2 0 1 0 0/0 7:39 0:00 0:00
3 Stars
1 - Daniel Vladar (MTL)
2 - Jake Evans (MTL)
3 - Ilya Samsonov (SJS)
Power Play
San Jose Sharks - 0 on 3 Attempt(s) - 0.00%
Montreal Canadiens - 1 on 7 Attempt(s) - 14.29%
Penalty Kill
San Jose Sharks - 6 on 7 Attempt(s) - 85.71%
- Score 0 goal in Penalty Kill
Montreal Canadiens - 3 on 3 Attempt(s) - 100.00%
- Score 0 goal in Penalty Kill
Team Stat
San Jose Sharks - Hits : 16 - Faceoff Wins : 20 - Blocked Shots : 17 - Penalty Minutes : 14
Montreal Canadiens - Hits : 16 - Faceoff Wins : 46 - Blocked Shots : 9 - Penalty Minutes : 6
Official
Referees : Mike Hasenfratz and Kendrick Nicholson
Linesman : Kiel Murchison and Derek Amell
Game Notes
No Game Note
Finance
Level 1 -- Attendance: 5493 (91.55%) -- Ticket Income $494,370
Level 2 -- Attendance: 5000 (100.00%) -- Ticket Income $250,000
Level 3 -- Attendance: 3000 (100.00%) -- Ticket Income $90,000
Level 4 -- Attendance: 4831 (96.62%) -- Ticket Income $96,620
Luxury Box -- Attendance: 1000 (100.00%) -- Ticket Income $195,000
Game was played at the Bell Centre.
Total Attendance: 19324 (96.62%)
Total Ticket Income: $1,125,990
Other Income: $394,096
Total Income: $1,520,086
San Jose Sharks
5 vs 5 Forward
Center Left Wing Right Wing Time % Phy DF OF
1 Adam Henrique Valeri Nichushkin Dylan Strome 30 1 2 2
2 Ivan Barbashev Christian Dvorak Ryan Hartman 30 1 2 2
3 Jack Roslovic Victor Olofsson Ilya Mikheyev 25 1 2 2
4 John Hayden Andreas Athanasiou Connor Brown 15 1 2 2
5 vs 5 Defense
Defense Defense Time % Phy DF OF
1 Derek Forbort Zachary Werenski 30 1 2 2
2 Christopher Tanev Connor Murphy 30 1 2 2
3 Anthony Deangelo Simon Nemec 25 1 2 2
4 Derek Forbort Zachary Werenski 15 1 2 2
PowerPlay Forward
Center Left Wing Right Wing Time % Phy DF OF
1 Adam Henrique Valeri Nichushkin Dylan Strome 50 1 2 2
2 Ivan Barbashev Christian Dvorak Ryan Hartman 50 1 2 2
PowerPlay Defense
Defense Defense Time % Phy DF OF
1 Derek Forbort Zachary Werenski 50 1 2 2
2 Christopher Tanev Connor Murphy 50 1 2 2
Penalty Kill 4 Players Forward
Center Wing Time % Phy DF OF
1 Valeri Nichushkin Adam Henrique 50 1 2 2
2 Dylan Strome Ivan Barbashev 50 1 2 2
Penalty Kill 4 Players Defense
Defense Defense Time % Phy DF OF
1 Derek Forbort Zachary Werenski 50 1 2 2
2 Christopher Tanev Connor Murphy 50 1 2 2
Penalty Kill - 3 Players Forward
Forward Time % Phy DF OF
1 Valeri Nichushkin 50 1 2 2
2 Adam Henrique 50 1 2 2
Penalty Kill - 3 Players Defense
Defense Defense Time % Phy DF OF
1 Derek Forbort Zachary Werenski 50 1 2 2
2 Christopher Tanev Connor Murphy 50 1 2 2
4 vs 4 Forward
Center Wing Time % Phy DF OF
1 Valeri Nichushkin Adam Henrique 50 1 2 2
2 Dylan Strome Ivan Barbashev 50 1 2 2
4 vs 4 Defense
Defense Defense Time % Phy DF OF
1 Derek Forbort Zachary Werenski 50 1 2 2
2 Christopher Tanev Connor Murphy 50 1 2 2
Last Minutes Offensive
Center Left Wing Right Wing Defense Defense
Adam Henrique Valeri Nichushkin Dylan Strome Derek Forbort Zachary Werenski
Last Minutes Defensive
Center Left Wing Right Wing Defense Defense
Adam Henrique Valeri Nichushkin Dylan Strome Derek Forbort Zachary Werenski
Goaltenders
Starting : Ilya Samsonov
Backup : Logan Thompson
Extra Forwards
Normal : Jack Roslovic, Andreas Athanasiou, Ilya Mikheyev - PP : Jack Roslovic, Andreas Athanasiou - PK : Ilya Mikheyev
Extra Defensemen
Normal : Anthony Deangelo, Simon Nemec, Christopher Tanev - PP : Anthony Deangelo - PK : Simon Nemec, Christopher Tanev
Penalty Shots
Valeri Nichushkin, Adam Henrique, Dylan Strome, Ivan Barbashev, Christian Dvorak
Montreal Canadiens
5 vs 5 Forward
Center Left Wing Right Wing Time % Phy DF OF
1 Sidney Crosby Jamie Benn Patrik Laine 30 1 2 2
2 Dylan Larkin Filip Forsberg Martin Necas 30 1 2 2
3 Christian Fischer Jonathan Marchessault Evgeni Dadonov 25 1 2 2
4 Jake Evans Tomas Nosek Vladislav Namestnikov 15 1 2 2
5 vs 5 Defense
Defense Defense Time % Phy DF OF
1 Adam Fox Brady Skjei 35 1 2 2
2 Damon Severson Tyler Myers 35 1 2 2
3 Filip Hronek Marco Scandella 30 1 2 2
4 Adam Fox Brady Skjei 0 1 2 2
PowerPlay Forward
Center Left Wing Right Wing Time % Phy DF OF
1 Sidney Crosby Jamie Benn Patrik Laine 50 1 2 2
2 Dylan Larkin Filip Forsberg Martin Necas 50 1 2 2
PowerPlay Defense
Defense Defense Time % Phy DF OF
1 Adam Fox Brady Skjei 50 1 2 2
2 Damon Severson Tyler Myers 50 1 2 2
Penalty Kill 4 Players Forward
Center Wing Time % Phy DF OF
1 Sidney Crosby Dylan Larkin 50 1 2 2
2 Jamie Benn Patrik Laine 50 1 2 2
Penalty Kill 4 Players Defense
Defense Defense Time % Phy DF OF
1 Adam Fox Brady Skjei 50 1 2 2
2 Damon Severson Tyler Myers 50 1 2 2
Penalty Kill - 3 Players Forward
Forward Time % Phy DF OF
1 Sidney Crosby 50 1 2 2
2 Dylan Larkin 50 1 2 2
Penalty Kill - 3 Players Defense
Defense Defense Time % Phy DF OF
1 Adam Fox Brady Skjei 50 1 2 2
2 Damon Severson Tyler Myers 50 1 2 2
4 vs 4 Forward
Center Wing Time % Phy DF OF
1 Sidney Crosby Dylan Larkin 50 1 2 2
2 Jamie Benn Patrik Laine 50 1 2 2
4 vs 4 Defense
Defense Defense Time % Phy DF OF
1 Adam Fox Brady Skjei 50 1 2 2
2 Damon Severson Tyler Myers 50 1 2 2
Last Minutes Offensive
Center Left Wing Right Wing Defense Defense
Sidney Crosby Jamie Benn Patrik Laine Adam Fox Brady Skjei
Last Minutes Defensive
Center Left Wing Right Wing Defense Defense
Sidney Crosby Jamie Benn Patrik Laine Adam Fox Brady Skjei
Goaltenders
Starting : Daniel Vladar
Backup : Jacob Markstrom
Extra Forwards
Normal : Tomas Nosek, Jonathan Marchessault, Evgeni Dadonov - PP : Tomas Nosek, Jonathan Marchessault - PK : Evgeni Dadonov
Extra Defensemen
Normal : Filip Hronek, Adam Fox, Damon Severson - PP : Filip Hronek - PK : Brady Skjei, Damon Severson
Penalty Shots
Sidney Crosby, Dylan Larkin, Jamie Benn, Patrik Laine, Filip Forsberg
% Time on Ice - San Jose Sharks
Lines # - Real PCT - Wanted PCT - Time Play
Normal Forward
1 - 26% - 30% - 11:03
2 - 27% - 30% - 11:24
3 - 27% - 25% - 11:30
4 - 19% - 15% - 8:09
Normal Defense
1 - 29% - 30% - 12:22
2 - 33% - 30% - 14:05
3 - 25% - 25% - 10:28
4 - 12% - 15% - 5:11
PP Forward
1 - 49% - 50% - 2:56
2 - 51% - 50% - 3:01
PP Defense
1 - 48% - 50% - 2:50
2 - 52% - 50% - 3:07
PK Forward
1 - 49% - 50% - 4:44
2 - 51% - 50% - 4:55
PK Defense
1 - 52% - 50% - 5:01
2 - 48% - 50% - 4:38
PK3 Forward
1 - 51% - 50% - 0:49
2 - 49% - 50% - 0:47
PK3 Defense
1 - 69% - 50% - 1:06
2 - 31% - 50% - 0:30
44 Forward
1 - 0% - 50%
2 - 0% - 50%
44 Defense
1 - 0% - 50%
2 - 0% - 50%
Last Minute Offensive - 0:42
Last Minute Defensive - 0:00
Total
Forward - 60:00
Defense - 60:00
|
% Time on Ice - Montreal Canadiens
Lines # - Real PCT - Wanted PCT - Time Play
Normal Forward
1 - 27% - 30% - 11:30
2 - 26% - 30% - 11:00
3 - 28% - 25% - 11:57
4 - 18% - 15% - 7:39
Normal Defense
1 - 35% - 35% - 14:45
2 - 37% - 35% - 15:27
3 - 28% - 30% - 11:41
4 - 1% - 0% - 0:13
PP Forward
1 - 51% - 50% - 5:41
2 - 49% - 50% - 5:34
PP Defense
1 - 51% - 50% - 5:47
2 - 49% - 50% - 5:28
PK Forward
1 - 49% - 50% - 2:56
2 - 51% - 50% - 3:01
PK Defense
1 - 48% - 50% - 2:50
2 - 52% - 50% - 3:07
PK3 Forward
1 - 0% - 50%
2 - 0% - 50%
PK3 Defense
1 - 0% - 50%
2 - 0% - 50%
44 Forward
1 - 0% - 50%
2 - 0% - 50%
44 Defense
1 - 0% - 50%
2 - 0% - 50%
Last Minute Offensive - 0:00
Last Minute Defensive - 0:42
Total
Forward - 60:00
Defense - 60:00
|
Play-by-Play
1st period
0:01 of 1st period - Sidney Crosby wins face-off versus Adam Henrique in neutral zone.
0:04 of 1st period - Snap shot by Patrik Laine.
0:04 of 1st period - Shot Misses the Net.
0:06 of 1st period - Snap shot by Jamie Benn.
0:06 of 1st period - Stopped by Ilya Samsonov with a rebound.
0:08 of 1st period - Slapshot by Brady Skjei.
0:08 of 1st period - Stopped by Ilya Samsonov without a rebound.
0:09 of 1st period - Adam Henrique wins face-off versus Sidney Crosby in San Jose Sharks zone.
0:16 of 1st period - Valeri Nichushkin is hit by Jamie Benn and loses puck.
0:53 of 1st period - Slapshot by Patrik Laine.
0:53 of 1st period - Shot Blocked by Derek Forbort.
0:57 of 1st period - Snap shot by Jamie Benn.
0:57 of 1st period - Stopped by Ilya Samsonov with a rebound.
0:59 of 1st period - Snap shot by Jamie Benn.
0:59 of 1st period - Shot Misses the Net.
1:21 of 1st period - Slapshot by Patrik Laine.
1:21 of 1st period - Shot Misses the Net.
1:23 of 1st period - Slapshot by Adam Fox.
1:23 of 1st period - Stopped by Ilya Samsonov with a rebound.
1:25 of 1st period - Snap shot by Jamie Benn.
1:25 of 1st period - Shot Blocked by Derek Forbort.
1:36 of 1st period - Minor Penalty to Adam Henrique for Holding.
1:37 of 1st period - Dylan Larkin wins face-off versus Ilya Mikheyev in San Jose Sharks zone.
3:36 of 1st period - Penalty to Adam Henrique is over, Adam Henrique is back on ice.
3:39 of 1st period - Zachary Werenski is hit by Patrik Laine and loses puck.
3:55 of 1st period - John Hayden is hit by Vladislav Namestnikov and loses puck.
4:44 of 1st period - Tyler Myers is hit by Christian Dvorak and loses puck.
5:03 of 1st period - Patrik Laine is hit by Valeri Nichushkin.
6:34 of 1st period - Wrist shot by Andreas Athanasiou.
6:34 of 1st period - Shot Misses the Net.
7:22 of 1st period - Evgeni Dadonov is hit by Simon Nemec.
7:38 of 1st period - Derek Forbort is hit by Brady Skjei.
8:19 of 1st period - Icing by Christian Dvorak.
8:20 of 1st period - Christian Fischer wins face-off versus Ivan Barbashev in San Jose Sharks zone.
8:25 of 1st period - Backhand shot by Jonathan Marchessault.
8:25 of 1st period - Deflect By Christian Fischer.
8:25 of 1st period - Shot Misses the Net.
8:25 of 1st period - Puck is out of play.
8:26 of 1st period - Ivan Barbashev wins face-off versus Jonathan Marchessault in San Jose Sharks zone.
8:31 of 1st period - Christian Dvorak is hit by Christian Fischer and loses puck.
9:20 of 1st period - Snap shot by Andreas Athanasiou.
9:20 of 1st period - Goal by Andreas Athanasiou - San Jose Sharks : 1 - Montreal Canadiens : 0.
9:21 of 1st period - Dylan Larkin wins face-off versus Ivan Barbashev in neutral zone.
9:54 of 1st period - Wrist shot by Evgeni Dadonov.
9:54 of 1st period - Shot Misses the Net.
11:14 of 1st period - Snap shot by Jonathan Marchessault.
11:14 of 1st period - Shot Misses the Net.
11:20 of 1st period - Marco Scandella is hit by Anthony Deangelo and loses puck.
11:31 of 1st period - Jonathan Marchessault is hit by Adam Henrique and loses puck.
12:13 of 1st period - Snap shot by Dylan Larkin.
12:13 of 1st period - Shot Misses the Net.
13:08 of 1st period - Snap shot by Dylan Strome.
13:08 of 1st period - Stopped by Daniel Vladar with a rebound.
13:10 of 1st period - Snap shot by Adam Henrique.
13:10 of 1st period - Shot Blocked by Brady Skjei.
13:24 of 1st period - Snap shot by Filip Forsberg.
13:24 of 1st period - Stopped by Ilya Samsonov with a rebound.
13:36 of 1st period - Christopher Tanev is hit by Patrik Laine and loses puck.
13:59 of 1st period - Snap shot by Victor Olofsson.
13:59 of 1st period - Shot Misses the Net.
14:01 of 1st period - Slapshot by Simon Nemec.
14:01 of 1st period - Shot Blocked by Damon Severson.
14:19 of 1st period - Snap shot by Filip Forsberg.
14:19 of 1st period - Shot Misses the Net.
14:21 of 1st period - Slapshot by Filip Forsberg.
14:21 of 1st period - Shot Blocked by Anthony Deangelo.
14:23 of 1st period - Snap shot by Damon Severson.
14:23 of 1st period - Shot Blocked by Ryan Hartman.
14:45 of 1st period - Snap shot by Valeri Nichushkin.
14:45 of 1st period - Stopped by Daniel Vladar with a rebound.
15:23 of 1st period - Snap shot by Martin Necas.
15:23 of 1st period - Deflect By Dylan Larkin.
15:23 of 1st period - Stopped by Ilya Samsonov with a rebound.
15:25 of 1st period - Slapshot by Brady Skjei.
15:25 of 1st period - Stopped by Ilya Samsonov without a rebound.
15:26 of 1st period - Dylan Larkin wins face-off versus Ivan Barbashev in San Jose Sharks zone.
15:29 of 1st period - Snap shot by Dylan Larkin.
15:29 of 1st period - Stopped by Ilya Samsonov without a rebound.
15:30 of 1st period - Ivan Barbashev wins face-off versus Dylan Larkin in San Jose Sharks zone.
15:45 of 1st period - Snap shot by Christian Dvorak.
15:45 of 1st period - Stopped by Daniel Vladar without a rebound.
15:46 of 1st period - Jack Roslovic wins face-off versus Christian Fischer in Montreal Canadiens zone.
15:59 of 1st period - Wrist shot by Jonathan Marchessault.
15:59 of 1st period - Shot Misses the Net.
16:38 of 1st period - Snap shot by Patrik Laine.
16:38 of 1st period - Shot Misses the Net.
16:44 of 1st period - Snap shot by Dylan Strome.
16:44 of 1st period - Stopped by Daniel Vladar without a rebound.
16:45 of 1st period - Christian Fischer wins face-off versus Jack Roslovic in Montreal Canadiens zone.
17:47 of 1st period - Slapshot by Ivan Barbashev.
17:47 of 1st period - Shot Misses the Net.
18:31 of 1st period - Snap shot by Jake Evans.
18:31 of 1st period - Stopped by Ilya Samsonov without a rebound.
18:32 of 1st period - Jack Roslovic wins face-off versus Jake Evans in San Jose Sharks zone.
18:49 of 1st period - Wrist shot by Vladislav Namestnikov.
18:49 of 1st period - Shot Blocked by Zachary Werenski.
18:51 of 1st period - Slapshot by Jake Evans.
18:51 of 1st period - Shot Misses the Net.
18:53 of 1st period - Wrist shot by Vladislav Namestnikov.
18:53 of 1st period - Stopped by Ilya Samsonov with a rebound.
19:23 of 1st period - Snap shot by Tomas Nosek.
19:23 of 1st period - Deflect By Vladislav Namestnikov.
19:23 of 1st period - Shot Misses the Net.
19:23 of 1st period - Puck is out of play.
19:24 of 1st period - Ivan Barbashev wins face-off versus Dylan Larkin in San Jose Sharks zone.
19:49 of 1st period - Connor Murphy is hit by Brady Skjei and loses puck.
Goals for this period are 1 for San Jose Sharks vs 0 for Montreal Canadiens.
Shots for this period are 5 for San Jose Sharks vs 10 for Montreal Canadiens.
2nd period
0:01 of 2nd period - Dylan Larkin wins face-off versus Ivan Barbashev in neutral zone.
0:28 of 2nd period - Snap shot by Evgeni Dadonov.
0:28 of 2nd period - Deflect By Jonathan Marchessault.
0:28 of 2nd period - Shot Misses the Net.
0:28 of 2nd period - Puck is out of play.
0:29 of 2nd period - Adam Henrique wins face-off versus Christian Fischer in San Jose Sharks zone.
1:06 of 2nd period - Wrist shot by Valeri Nichushkin.
1:06 of 2nd period - Shot Misses the Net.
1:08 of 2nd period - Snap shot by Dylan Strome.
1:08 of 2nd period - Stopped by Daniel Vladar with a rebound.
1:10 of 2nd period - Slapshot by Valeri Nichushkin.
1:10 of 2nd period - Shot Misses the Net.
1:12 of 2nd period - Snap shot by Dylan Strome.
1:12 of 2nd period - Stopped by Daniel Vladar with a rebound.
1:14 of 2nd period - Wrist shot by Valeri Nichushkin.
1:14 of 2nd period - Deflect By Dylan Strome.
1:14 of 2nd period - Shot Misses the Net.
1:14 of 2nd period - Puck is out of play.
1:15 of 2nd period - Ivan Barbashev wins face-off versus Dylan Larkin in Montreal Canadiens zone.
1:22 of 2nd period - Wrist shot by Ryan Hartman.
1:22 of 2nd period - Stopped by Daniel Vladar without a rebound.
1:23 of 2nd period - Dylan Larkin wins face-off versus Ivan Barbashev in Montreal Canadiens zone.
1:25 of 2nd period - Minor Penalty to Dylan Larkin for Interference.
1:26 of 2nd period - Adam Henrique wins face-off versus Sidney Crosby in Montreal Canadiens zone.
1:32 of 2nd period - Wrist shot by Valeri Nichushkin.
1:32 of 2nd period - Shot Blocked by Adam Fox.
1:34 of 2nd period - Snap shot by Dylan Strome.
1:34 of 2nd period - Shot Misses the Net.
1:36 of 2nd period - Slapshot by Derek Forbort.
1:36 of 2nd period - Shot Blocked by Brady Skjei.
1:38 of 2nd period - Slapshot by Derek Forbort.
1:38 of 2nd period - Stopped by Daniel Vladar without a rebound.
1:39 of 2nd period - Jamie Benn wins face-off versus Ivan Barbashev in Montreal Canadiens zone.
1:43 of 2nd period - Off-side.
1:44 of 2nd period - Jamie Benn wins face-off versus Ivan Barbashev in neutral zone.
1:48 of 2nd period - Off-side.
1:49 of 2nd period - Jamie Benn wins face-off versus Christian Dvorak in neutral zone.
2:14 of 2nd period - Slapshot by Ivan Barbashev.
2:14 of 2nd period - Stopped by Daniel Vladar with a rebound.
2:16 of 2nd period - Slapshot by Connor Murphy.
2:16 of 2nd period - Stopped by Daniel Vladar without a rebound.
2:17 of 2nd period - Sidney Crosby wins face-off versus Adam Henrique in Montreal Canadiens zone.
2:17 of 2nd period - Sidney Crosby is hit by Zachary Werenski.
2:43 of 2nd period - Derek Forbort is hit by Jamie Benn and loses puck.
3:25 of 2nd period - Penalty to Dylan Larkin is over, Dylan Larkin is back on ice.
4:00 of 2nd period - Slapshot by Zachary Werenski.
4:00 of 2nd period - Stopped by Daniel Vladar with a rebound.
4:08 of 2nd period - Zachary Werenski is hit by Dylan Larkin and loses puck.
4:37 of 2nd period - Wrist shot by Dylan Larkin.
4:37 of 2nd period - Deflect By Jack Roslovic.
4:37 of 2nd period - Shot Misses the Net.
4:37 of 2nd period - Puck is out of play.
4:38 of 2nd period - Christian Fischer wins face-off versus Ivan Barbashev in San Jose Sharks zone.
4:52 of 2nd period - Minor Penalty to Ryan Hartman for Interference.
4:53 of 2nd period - Dylan Strome wins face-off versus Sidney Crosby in San Jose Sharks zone.
5:02 of 2nd period - Adam Henrique is hit by Sidney Crosby and loses puck.
6:52 of 2nd period - Penalty to Ryan Hartman is over, Ryan Hartman is back on ice.
7:02 of 2nd period - Slapshot by Anthony Deangelo.
7:02 of 2nd period - Stopped by Daniel Vladar with a rebound.
7:04 of 2nd period - Snap shot by Jack Roslovic.
7:04 of 2nd period - Shot Misses the Net.
7:06 of 2nd period - Snap shot by Jack Roslovic.
7:06 of 2nd period - Stopped by Daniel Vladar with a rebound.
7:08 of 2nd period - Wrist shot by Ilya Mikheyev.
7:08 of 2nd period - Shot Misses the Net.
7:18 of 2nd period - Wrist shot by Adam Fox.
7:18 of 2nd period - Shot Blocked by Andreas Athanasiou.
7:31 of 2nd period - Minor Penalty to Filip Hronek for Hooking.
7:32 of 2nd period - Jamie Benn wins face-off versus Adam Henrique in Montreal Canadiens zone.
7:37 of 2nd period - Icing by Zachary Werenski.
7:38 of 2nd period - Jamie Benn wins face-off versus Adam Henrique in San Jose Sharks zone.
7:45 of 2nd period - Slapshot by Jamie Benn.
7:45 of 2nd period - Stopped by Ilya Samsonov without a rebound.
7:46 of 2nd period - Sidney Crosby wins face-off versus Ivan Barbashev in San Jose Sharks zone.
8:11 of 2nd period - Dylan Strome is hit by Damon Severson and loses puck.
8:46 of 2nd period - Snap shot by Sidney Crosby.
8:46 of 2nd period - Shot Misses the Net.
9:31 of 2nd period - Penalty to Filip Hronek is over, Filip Hronek is back on ice.
10:06 of 2nd period - Andreas Athanasiou is hit by Evgeni Dadonov and loses puck.
10:59 of 2nd period - Andreas Athanasiou is hit by Sidney Crosby and loses puck.
11:04 of 2nd period - Snap shot by Sidney Crosby.
11:04 of 2nd period - Shot Misses the Net.
11:22 of 2nd period - Victor Olofsson is hit by Jonathan Marchessault and loses puck.
11:29 of 2nd period - Snap shot by Jonathan Marchessault.
11:29 of 2nd period - Shot Blocked by Simon Nemec.
11:53 of 2nd period - Slapshot by Adam Fox.
11:53 of 2nd period - Shot Misses the Net.
11:55 of 2nd period - Snap shot by Brady Skjei.
11:55 of 2nd period - Stopped by Ilya Samsonov without a rebound.
11:56 of 2nd period - Sidney Crosby wins face-off versus John Hayden in San Jose Sharks zone.
12:00 of 2nd period - Double Minor Penalty to John Hayden for High sticking.
12:01 of 2nd period - Sidney Crosby wins face-off versus Dylan Strome in San Jose Sharks zone.
12:01 of 2nd period - Wrist shot by Patrik Laine.
12:01 of 2nd period - Deflect By Sidney Crosby.
12:01 of 2nd period - Shot Misses the Net.
12:01 of 2nd period - Puck is out of play.
12:02 of 2nd period - Sidney Crosby wins face-off versus Dylan Strome in San Jose Sharks zone.
12:09 of 2nd period - Slapshot by Patrik Laine.
12:09 of 2nd period - Stopped by Ilya Samsonov without a rebound.
12:10 of 2nd period - Dylan Strome wins face-off versus Sidney Crosby in San Jose Sharks zone.
12:37 of 2nd period - Snap shot by Patrik Laine.
12:37 of 2nd period - Shot Blocked by Dylan Strome.
12:39 of 2nd period - Slapshot by Sidney Crosby.
12:39 of 2nd period - Shot Misses the Net.
12:41 of 2nd period - Wrist shot by Jamie Benn.
12:41 of 2nd period - Stopped by Ilya Samsonov with a rebound.
12:43 of 2nd period - Slapshot by Jamie Benn.
12:43 of 2nd period - Shot Misses the Net.
12:45 of 2nd period - Slapshot by Adam Fox.
12:45 of 2nd period - Deflect By Sidney Crosby.
12:45 of 2nd period - Shot Misses the Net.
12:45 of 2nd period - Puck is out of play.
12:46 of 2nd period - Valeri Nichushkin wins face-off versus Dylan Larkin in San Jose Sharks zone.
12:57 of 2nd period - Snap shot by Dylan Larkin.
12:57 of 2nd period - Goal by Dylan Larkin - San Jose Sharks : 1 - Montreal Canadiens : 1.
12:58 of 2nd period - Dylan Larkin wins face-off versus Ivan Barbashev in neutral zone.
14:57 of 2nd period - Penalty to John Hayden is over, John Hayden is back on ice.
15:04 of 2nd period - Wrist shot by Andreas Athanasiou.
15:04 of 2nd period - Stopped by Daniel Vladar without a rebound.
15:05 of 2nd period - Evgeni Dadonov wins face-off versus John Hayden in Montreal Canadiens zone.
15:05 of 2nd period - Evgeni Dadonov is hit by Connor Brown.
15:21 of 2nd period - Snap shot by Connor Brown.
15:21 of 2nd period - Deflect By Andreas Athanasiou.
15:21 of 2nd period - Stopped by Daniel Vladar without a rebound.
15:22 of 2nd period - Ivan Barbashev wins face-off versus Dylan Larkin in Montreal Canadiens zone.
15:29 of 2nd period - Wrist shot by Christian Dvorak.
15:29 of 2nd period - Shot Misses the Net.
15:31 of 2nd period - Snap shot by Christian Dvorak.
15:31 of 2nd period - Deflect By Ryan Hartman.
15:31 of 2nd period - Stopped by Daniel Vladar without a rebound.
15:32 of 2nd period - Dylan Larkin wins face-off versus Ivan Barbashev in Montreal Canadiens zone.
15:32 of 2nd period - Dylan Larkin is hit by Ryan Hartman.
15:40 of 2nd period - Wrist shot by Martin Necas.
15:40 of 2nd period - Shot Misses the Net.
15:57 of 2nd period - Off-side.
15:58 of 2nd period - Sidney Crosby wins face-off versus Adam Henrique in neutral zone.
16:00 of 2nd period - Off-side.
16:01 of 2nd period - Adam Henrique wins face-off versus Sidney Crosby in neutral zone.
16:25 of 2nd period - Icing by Patrik Laine.
16:26 of 2nd period - Sidney Crosby wins face-off versus Ivan Barbashev in Montreal Canadiens zone.
16:59 of 2nd period - Wrist shot by Evgeni Dadonov.
16:59 of 2nd period - Stopped by Ilya Samsonov without a rebound.
17:00 of 2nd period - Patrik Laine wins face-off versus Ivan Barbashev in San Jose Sharks zone.
17:04 of 2nd period - Minor Penalty to Ryan Hartman for Interference.
17:05 of 2nd period - Dylan Larkin wins face-off versus Dylan Strome in San Jose Sharks zone.
17:17 of 2nd period - Snap shot by Martin Necas.
17:17 of 2nd period - Shot Blocked by Derek Forbort.
17:19 of 2nd period - Slapshot by Tyler Myers.
17:19 of 2nd period - Shot Blocked by Dylan Strome.
17:21 of 2nd period - Slapshot by Tyler Myers.
17:21 of 2nd period - Shot Misses the Net.
17:27 of 2nd period - Minor Penalty to Ivan Barbashev for Hooking.
17:28 of 2nd period - Sidney Crosby wins face-off versus Valeri Nichushkin in San Jose Sharks zone.
18:41 of 2nd period - Snap shot by Dylan Larkin.
18:41 of 2nd period - Stopped by Ilya Samsonov without a rebound.
18:42 of 2nd period - Sidney Crosby wins face-off versus Valeri Nichushkin in San Jose Sharks zone.
18:45 of 2nd period - Slapshot by Sidney Crosby.
18:45 of 2nd period - Stopped by Ilya Samsonov without a rebound.
18:46 of 2nd period - Sidney Crosby wins face-off versus Adam Henrique in San Jose Sharks zone.
18:51 of 2nd period - Snap shot by Patrik Laine.
18:51 of 2nd period - Deflect By Sidney Crosby.
18:51 of 2nd period - Shot Misses the Net.
18:51 of 2nd period - Puck is out of play.
18:52 of 2nd period - Adam Henrique wins face-off versus Sidney Crosby in San Jose Sharks zone.
19:04 of 2nd period - Penalty to Ryan Hartman is over, Ryan Hartman is back on ice.
19:27 of 2nd period - Penalty to Ivan Barbashev is over, Ivan Barbashev is back on ice.
Goals for this period are 0 for San Jose Sharks vs 1 for Montreal Canadiens.
Shots for this period are 12 for San Jose Sharks vs 8 for Montreal Canadiens.
3rd period
0:01 of 3rd period - Dylan Larkin wins face-off versus Ivan Barbashev in neutral zone.
0:08 of 3rd period - Snap shot by Zachary Werenski.
0:08 of 3rd period - Shot Blocked by Damon Severson.
1:18 of 3rd period - Wrist shot by Andreas Athanasiou.
1:18 of 3rd period - Stopped by Daniel Vladar without a rebound.
1:19 of 3rd period - Dylan Larkin wins face-off versus John Hayden in Montreal Canadiens zone.
1:23 of 3rd period - Minor Penalty to Derek Forbort for Holding.
1:24 of 3rd period - Dylan Larkin wins face-off versus Valeri Nichushkin in San Jose Sharks zone.
1:26 of 3rd period - Snap shot by Filip Forsberg.
1:26 of 3rd period - Shot Blocked by Connor Murphy.
1:28 of 3rd period - Snap shot by Dylan Larkin.
1:28 of 3rd period - Shot Misses the Net.
1:30 of 3rd period - Slapshot by Filip Forsberg.
1:30 of 3rd period - Stopped by Ilya Samsonov with a rebound.
1:34 of 3rd period - Snap shot by Dylan Larkin.
1:34 of 3rd period - Shot Misses the Net.
1:36 of 3rd period - Snap shot by Dylan Larkin.
1:36 of 3rd period - Shot Misses the Net.
1:38 of 3rd period - Wrist shot by Dylan Larkin.
1:38 of 3rd period - Shot Misses the Net.
1:40 of 3rd period - Slapshot by Adam Fox.
1:40 of 3rd period - Stopped by Ilya Samsonov with a rebound.
3:23 of 3rd period - Penalty to Derek Forbort is over, Derek Forbort is back on ice.
3:45 of 3rd period - Icing by Simon Nemec.
3:46 of 3rd period - Jake Evans wins face-off versus John Hayden in San Jose Sharks zone.
3:55 of 3rd period - Snap shot by Jake Evans.
3:55 of 3rd period - Goal by Jake Evans - San Jose Sharks : 1 - Montreal Canadiens : 2.
3:56 of 3rd period - Ivan Barbashev wins face-off versus Dylan Larkin in neutral zone.
4:01 of 3rd period - Slapshot by Ivan Barbashev.
4:01 of 3rd period - Stopped by Daniel Vladar with a rebound.
4:23 of 3rd period - Adam Fox is hit by Dylan Strome and loses puck.
4:50 of 3rd period - Wrist shot by Jonathan Marchessault.
4:50 of 3rd period - Shot Blocked by Victor Olofsson.
5:21 of 3rd period - Andreas Athanasiou is hit by Brady Skjei.
5:52 of 3rd period - Icing by Ivan Barbashev.
5:53 of 3rd period - Sidney Crosby wins face-off versus Ivan Barbashev in San Jose Sharks zone.
5:58 of 3rd period - Snap shot by Sidney Crosby.
5:58 of 3rd period - Shot Blocked by Ivan Barbashev.
6:08 of 3rd period - Slapshot by Adam Fox.
6:08 of 3rd period - Stopped by Ilya Samsonov with a rebound.
6:44 of 3rd period - Snap shot by Vladislav Namestnikov.
6:44 of 3rd period - Shot Misses the Net.
7:12 of 3rd period - Backhand shot by Damon Severson.
7:12 of 3rd period - Stopped by Ilya Samsonov without a rebound.
7:13 of 3rd period - Dylan Larkin wins face-off versus Adam Henrique in San Jose Sharks zone.
8:38 of 3rd period - Wrist shot by Anthony Deangelo.
8:38 of 3rd period - Stopped by Daniel Vladar without a rebound.
8:39 of 3rd period - Filip Forsberg wins face-off versus Dylan Strome in Montreal Canadiens zone.
8:58 of 3rd period - Filip Forsberg is hit by Simon Nemec and loses puck.
9:16 of 3rd period - Wrist shot by Sidney Crosby.
9:16 of 3rd period - Shot Blocked by Derek Forbort.
9:20 of 3rd period - Snap shot by Patrik Laine.
9:20 of 3rd period - Shot Misses the Net.
9:34 of 3rd period - Wrist shot by Evgeni Dadonov.
9:34 of 3rd period - Deflect By Jonathan Marchessault.
9:34 of 3rd period - Shot Blocked by Christian Dvorak.
9:34 of 3rd period - Puck is out of play.
9:35 of 3rd period - Dylan Larkin wins face-off versus Ivan Barbashev in San Jose Sharks zone.
9:56 of 3rd period - Wrist shot by Dylan Larkin.
9:56 of 3rd period - Deflect By Jamie Benn.
9:56 of 3rd period - Shot Misses the Net.
9:56 of 3rd period - Puck is out of play.
9:57 of 3rd period - Sidney Crosby wins face-off versus Adam Henrique in San Jose Sharks zone.
10:13 of 3rd period - Snap shot by Dylan Strome.
10:13 of 3rd period - Deflect By Jamie Benn.
10:13 of 3rd period - Shot Misses the Net.
10:13 of 3rd period - Puck is out of play.
10:14 of 3rd period - Dylan Larkin wins face-off versus Ivan Barbashev in Montreal Canadiens zone.
10:16 of 3rd period - Minor Penalty to Brady Skjei for Interference.
10:17 of 3rd period - Sidney Crosby wins face-off versus Adam Henrique in Montreal Canadiens zone.
12:16 of 3rd period - Penalty to Brady Skjei is over, Brady Skjei is back on ice.
12:24 of 3rd period - Victor Olofsson is hit by Vladislav Namestnikov and loses puck.
12:49 of 3rd period - Snap shot by Connor Brown.
12:49 of 3rd period - Deflect By Andreas Athanasiou.
12:49 of 3rd period - Shot Misses the Net.
12:49 of 3rd period - Puck is out of play.
12:50 of 3rd period - John Hayden wins face-off versus Christian Fischer in Montreal Canadiens zone.
12:53 of 3rd period - Snap shot by Connor Brown.
12:53 of 3rd period - Shot Blocked by Damon Severson.
12:55 of 3rd period - Backhand shot by Connor Brown.
12:55 of 3rd period - Stopped by Daniel Vladar without a rebound.
12:56 of 3rd period - Jonathan Marchessault wins face-off versus Adam Henrique in Montreal Canadiens zone.
12:56 of 3rd period - Jonathan Marchessault is hit by Adam Henrique.
13:12 of 3rd period - Slapshot by Jonathan Marchessault.
13:12 of 3rd period - Stopped by Ilya Samsonov without a rebound.
13:13 of 3rd period - Dylan Larkin wins face-off versus Ivan Barbashev in San Jose Sharks zone.
13:16 of 3rd period - Wrist shot by Martin Necas.
13:16 of 3rd period - Stopped by Ilya Samsonov with a rebound.
13:22 of 3rd period - Snap shot by Dylan Larkin.
13:22 of 3rd period - Stopped by Ilya Samsonov with a rebound.
13:24 of 3rd period - Snap shot by Adam Fox.
13:24 of 3rd period - Stopped by Ilya Samsonov without a rebound.
13:25 of 3rd period - Dylan Larkin wins face-off versus Adam Henrique in San Jose Sharks zone.
13:57 of 3rd period - Wrist shot by Christian Dvorak.
13:57 of 3rd period - Shot Misses the Net.
14:57 of 3rd period - Wrist shot by Evgeni Dadonov.
14:57 of 3rd period - Deflect By Christian Fischer.
14:57 of 3rd period - Stopped by Ilya Samsonov with a rebound.
14:59 of 3rd period - Slapshot by Damon Severson.
14:59 of 3rd period - Stopped by Ilya Samsonov with a rebound.
15:01 of 3rd period - Backhand shot by Evgeni Dadonov.
15:01 of 3rd period - Shot Misses the Net.
15:03 of 3rd period - Snap shot by Evgeni Dadonov.
15:03 of 3rd period - Stopped by Ilya Samsonov without a rebound.
15:04 of 3rd period - Jake Evans wins face-off versus Jack Roslovic in San Jose Sharks zone.
15:09 of 3rd period - Slapshot by Adam Fox.
15:09 of 3rd period - Deflect By Vladislav Namestnikov.
15:09 of 3rd period - Shot Blocked by Christopher Tanev.
15:09 of 3rd period - Puck is out of play.
15:10 of 3rd period - Jake Evans wins face-off versus Jack Roslovic in San Jose Sharks zone.
15:22 of 3rd period - Wrist shot by Jake Evans.
15:22 of 3rd period - Shot Misses the Net.
15:24 of 3rd period - Slapshot by Brady Skjei.
15:24 of 3rd period - Shot Blocked by Connor Murphy.
15:26 of 3rd period - Wrist shot by Brady Skjei.
15:26 of 3rd period - Shot Misses the Net.
15:38 of 3rd period - Snap shot by Connor Brown.
15:38 of 3rd period - Stopped by Daniel Vladar with a rebound.
16:21 of 3rd period - Patrik Laine is hit by Christian Dvorak and loses puck.
16:34 of 3rd period - Filip Hronek is hit by Derek Forbort.
17:27 of 3rd period - Martin Necas is hit by Connor Brown and loses puck.
17:32 of 3rd period - Snap shot by Andreas Athanasiou.
17:32 of 3rd period - Shot Misses the Net.
17:34 of 3rd period - Snap shot by Derek Forbort.
17:34 of 3rd period - Stopped by Daniel Vladar with a rebound.
17:36 of 3rd period - Snap shot by Connor Brown.
17:36 of 3rd period - Shot Blocked by Filip Forsberg.
17:38 of 3rd period - Snap shot by John Hayden.
17:38 of 3rd period - Shot Misses the Net.
17:40 of 3rd period - Slapshot by Derek Forbort.
17:40 of 3rd period - Shot Blocked by Dylan Larkin.
17:42 of 3rd period - Snap shot by Zachary Werenski.
17:42 of 3rd period - Stopped by Daniel Vladar without a rebound.
17:43 of 3rd period - Jack Roslovic wins face-off versus Christian Fischer in Montreal Canadiens zone.
17:56 of 3rd period - Snap shot by Evgeni Dadonov.
17:56 of 3rd period - Shot Misses the Net.
17:58 of 3rd period - Slapshot by Damon Severson.
17:58 of 3rd period - Stopped by Ilya Samsonov without a rebound.
17:59 of 3rd period - Jake Evans wins face-off versus Adam Henrique in San Jose Sharks zone.
18:28 of 3rd period - Icing by Damon Severson.
18:29 of 3rd period - Jack Roslovic wins face-off versus Christian Fischer in Montreal Canadiens zone.
18:30 of 3rd period - San Jose Sharks, Ilya Samsonov is pulled from the net.
18:54 of 3rd period - Christian Fischer is hit by Jack Roslovic and loses puck.
19:13 of 3rd period - Wrist shot by Jack Roslovic.
19:13 of 3rd period - Shot Misses the Net.
19:15 of 3rd period - Slapshot by Anthony Deangelo.
19:15 of 3rd period - Shot Misses the Net.
19:17 of 3rd period - Slapshot by Anthony Deangelo.
19:17 of 3rd period - Stopped by Daniel Vladar without a rebound.
19:18 of 3rd period - Jeff Blashill call a timeout for San Jose Sharks.
19:18 of 3rd period - Adam Henrique wins face-off versus Sidney Crosby in Montreal Canadiens zone.
19:27 of 3rd period - Snap shot by Dylan Strome.
19:27 of 3rd period - Shot Hit the Post.
19:39 of 3rd period - Patrik Laine is hit by Valeri Nichushkin and loses puck.
19:52 of 3rd period - Snap shot by Valeri Nichushkin.
19:52 of 3rd period - Shot Blocked by Adam Fox.
Goals for this period are 0 for San Jose Sharks vs 1 for Montreal Canadiens.
Shots for this period are 8 for San Jose Sharks vs 13 for Montreal Canadiens.
Back to the Top